 Dungeon Crawl Stone Soup version 0.21.0-26-g889b8f6 (webtiles) character file.

891 pk666 the Cleaver (level 7, -11/103 HPs)
             Began as a Minotaur Berserker on Jan 27, 2018.
             Was a Priest of Trog.
             Mangled by a two-headed ogre
             ... wielding a +0 giant spiked club
              (20 damage)
             ... on level 5 of the Dungeon.
             The game lasted 00:08:21 (3506 turns).

pk666 the Cleaver (Minotaur Berserker)              Turns: 3506, Time: 00:08:24

Health: -11/103    AC: -1    Str: 28    XL:     7   Next: 78%
Magic:  6/6        EV: 11    Int:  4    God:    Trog [***...]
Gold:   172        SH:  0    Dex: 10    Spells: 6/6 levels left

rFire    . . .     SeeInvis +   n - +0 battleaxe
rCold    . . .     Gourm    .   (shield currently unavailable)
rNeg     . . .     Faith    .   q - +1 ring mail {rPois}
rPois    +         Spirit   .   (helmet restricted)
rElec    .         Reflect  .   (no cloak)
rCorr    .         Harm     .   (no gloves)
MR       .....                  (no boots)
Stlth    ..........             (no amulet)
HPRegen  0.27/turn              f - +4 ring of slaying
MPRegen  0.10/turn              m - ring of see invisible

@: berserking, corroded, very quick
A: retaliatory headbutt, horns 2
a: Berserk, Trog's Hand, Burn Spellbooks, Renounce Religion


You were on level 5 of the Dungeon.
You worshipped Trog.
Trog was most pleased with you.
You were near starving.

You visited 1 branch of the dungeon, and saw 5 of its levels.

You collected 172 gold pieces.

Inventory:

Hand Weapons
 n - a +0 battleaxe (weapon)
Armour
 q - a +1 ring mail of poison resistance (worn)
Jewellery
 f - a +4 ring of slaying (left hand)
 m - a ring of see invisible (right hand)
Scrolls
 d - 3 scrolls of teleportation {unknown}
 e - 4 scrolls of remove curse {unknown}
 g - 4 scrolls of immolation {unknown}
 h - 2 scrolls of magic mapping {unknown}
 j - a scroll of random uselessness {unknown}
 o - a scroll of fear {unknown}
Potions
 a - 2 potions of flight {unknown}
 b - 2 potions of might {unknown}
 i - a potion of mutation {unknown}
 k - 2 potions of lignification {unknown}
 l - a potion of degeneration {unknown}
 p - a potion of berserk rage {unknown}
Comestibles
 c - 7 rations


   Skills:
 + Level 8.3 Fighting
 + Level 8.4 Axes
 - Level 2.4 Armour
 - Level 2.1 Dodging


You had 6 spell levels left.
You didn't know any spells.

Dungeon Overview and Level Annotations

Branches:
Dungeon (5/15)
 Temple: D:4-7

Altars:
Kikubaaqudgha
Sif Muna
Wu Jian
The Shining One


Innate Abilities, Weirdness & Mutations

You reflexively headbutt those who attack you in melee.
You have a pair of horns on your head.


Message History

The jelly hits you. The acid corrodes you!
You are splashed with acid!
The acid burns!
The jelly barely misses you.
You slash the jelly!
You kill the jelly!
Trog accepts your kill.
You now have 172 gold pieces (gained 14).
You open the door.
A two-headed ogre comes into view.
It is wielding a giant spiked club and a giant club.
The two-headed ogre shouts in stereo!
There is an open door here.
The two-headed ogre hits you with a giant spiked club!!
The two-headed ogre hits you with a giant club!
* * * LOW HITPOINT WARNING * * *
A red film seems to cover your vision as you go berserk!
You feel yourself moving faster!
You feel mighty!
You are near starving!
The two-headed ogre hits you with a giant spiked club!
* * * LOW HITPOINT WARNING * * *
The two-headed ogre hits you with a giant club!!
You die...

########
##########......#
......O@.'......#
####.....#......#
#.###.#......# #
#.#.(....# .#
#.#......##.#
#+#####.###.# #.#
#.# #.# #.#
#.###.#


You could see a two-headed ogre.

Vanquished Creatures
  The ghost of Ashar the Sneak, a novice DsAs (D:4)
  An ogre (D:4)
  A scorpion (D:4)
  A jelly (D:5)
  A centaur skeleton (D:4)
  An orc priest (D:3)
  An orc wizard (D:3)
  Jessica (D:2)
  An iguana (D:4)
  A worker ant (D:4)
  A worker ant zombie (D:5)
  8 gnolls (D:4)
  9 adders
  An ooze (D:1)
  2 adder skeletons (D:4)
  3 worms
  4 leopard geckos
  21 orcs
  6 bats
  4 giant cockroaches
  9 goblins
  4 hobgoblins
  2 jackals (D:4)
  4 kobolds
  2 quokkas
  2 ball pythons
  3 frilled lizards
  8 rats
103 creatures vanquished.

Notes
Turn   | Place    | Note
-------+----------+-------------------------------------------
     0 | D:1      | pk666 the Minotaur Berserker began the quest for the Orb.
     0 | D:1      | Reached XP level 1. HP: 19/19 MP: 0/0
   253 | D:1      | Reached XP level 2. HP: 27/27 MP: 1/1
   828 | D:2      | Reached XP level 3. HP: 33/34 MP: 2/2
   961 | D:2      | Noticed Jessica
   978 | D:2      | Killed Jessica
   978 | D:2      | Reached skill level 5 in Fighting
   978 | D:2      | Reached skill level 5 in Axes
   978 | D:2      | Reached XP level 4. HP: 18/42 MP: 3/3
  1254 | D:2      | Reached ** piety under Trog
  1400 | D:3      | Found a faded altar of an unknown god.
  1479 | D:3      | Found an ancient bone altar of Kikubaaqudgha.
  1482 | D:3      | Found a deep blue altar of Sif Muna.
  1485 | D:3      | Found a glowing golden altar of the Shining One.
  1723 | D:3      | Reached XP level 5. HP: 48/48 MP: 4/4
  2020 | D:3      | Reached *** piety under Trog
  2080 | D:3      | Found an ornate altar of the Wu Jian Council.
  2202 | D:4      | Reached XP level 6. HP: 42/57 MP: 5/5
  2915 | D:4      | Noticed Ashar's ghost (novice DsAs)
  2923 | D:4      | Killed Ashar's ghost
  2923 | D:4      | Reached XP level 7. HP: 67/67 MP: 6/6
  3045 | D:4      | Received a gift from Trog
  3430 | D:5      | Entered Level 5 of the Dungeon
  3503 | D:5      | Noticed a two-headed ogre
  3506 | D:5      | Mangled by a two-headed ogre

Skill      XL: |  1  2  3  4  5  6  7 |
---------------+----------------------+-----
Fighting       | 4 5 6 7 8 |  8.3
Axes           | 4 5 6 7 8 |  8.4
Armour         | |  2.4
Dodging        | |  2.1

Action                   |  1- 3 |  4- 6 |  7- 9 || total
-------------------------+-------+-------+-------++-------
Melee: Hand axe          |    48 |    97 |       ||   145
       Headbutt          |     7 |    10 |     6 ||    23
       Battleaxe         |       |    19 |    21 ||    40
Invok: Burn Spellbooks   |       |     2 |       ||     2
       Berserk           |       |     1 |     1 ||     2
 Stab: Sleeping          |       |     1 |       ||     1
  Eat: Chunk             |       |     6 |     2 ||     8
Armor: Animal skin       |     8 |    12 |       ||    20
       Ring mail         |       |     2 |     4 ||     6
Dodge: Dodged            |    35 |    70 |    12 ||   117
